 Dungeon Crawl Stone Soup version 0.30-b1-2-g02819fbbbe (webtiles) character file.

Game seed: 5773884696034550595

10 Alarkh the Vexing (level 2, 21/21 HPs)
             Began as a Demonspawn Hexslinger on May 23, 2023.
             Got out of the dungeon alive.
             The game lasted 00:00:34 (460 turns).

Alarkh the Vexing (Demonspawn Hexslinger)            Turns: 460, Time: 00:00:34

Health: 21/21      AC:  2    Str: 10    XL:     2   Next: 10%
Magic:  3/3        EV: 12    Int: 14    God:
Gold:   32         SH:  0    Dex: 13    Spells: 2/3 levels left

rFire   . . .        a - +1 sling
rCold   . . .        (no shield)
rNeg    . . .        c - +0 robe
rPois   .            (no helmet)
rElec   .            (no cloak)
rCorr   .            (no gloves)
SInv    .            (no boots)
Will    .....        (no amulet)
Stlth   +            (no ring)
HPRegen 0.23/turn    (no ring)
MPRegen 0.08/turn

%: no passive effects
@: no status effects
A: foul stench 1
a: no special abilities


You escaped.
You visited 1 branch of the dungeon, and saw 1 of its levels.

You collected 32 gold pieces.

Inventory:

Hand Weapons
 a - a +1 sling (weapon)
Armour
 c - a +0 robe (worn)
Scrolls
 b - a scroll of poison
 f - a scroll of noise {unknown}
Potions
 d - 3 potions of invisibility {unknown}
 e - a potion of lignification {unknown}
 g - a potion of curing {unknown}


   Skills:
 - Level 1.0 Fighting
 + Level 2.5 Ranged Weapons
 - Level 1.7 Dodging
 - Level 1.0 Spellcasting
 - Level 3.0 Hexes


You had 2 spell levels left.
You knew the following spells:

 Your Spells              Type           Power      Damage    Failure   Level
a - Slow                  Hex            36%        N/A       8%          1

Your spell library contained the following spells:

 Spells                   Type           Power      Damage    Failure   Level
 Inner Flame              Hex/Fire       4%         N/A       38%         3
 Portal Projectile        Hex/Tloc       8%         N/A       38%         3
 Cause Fear               Hex            4%         N/A       58%         4


Dungeon Overview and Level Annotations

Branches:
Dungeon (1/15)

Altars:


Innate Abilities, Weirdness & Mutations

You may rarely emit foul miasma when damaged in melee.


Message History

A rat is nearby!
A rat is nearby!
You shoot a sling bullet.
The sling bullet closely misses the rat.
No target in view!
No target in view!
A rat is nearby!
You shoot a sling bullet.
The sling bullet hits the rat but does no damage.
You shoot a sling bullet. The sling bullet hits the rat.
You kill the rat!
No target in view!
No target in view!
You see here a rat corpse.
Found a stone staircase leading down.
g - a golden potion No target in view!
You open the door.
A quokka comes into view.
A quokka is nearby!
A quokka is nearby!
You shoot a sling bullet. The sling bullet hits the quokka.
You kill the quokka!
You have reached level 2!
Your demonic ancestry asserts itself...
You begin to emit a foul stench of rot and decay.
There is an open door here.
You see here a quokka corpse.
A quokka comes into view.
You shoot a sling bullet. The sling bullet hits the quokka.
The quokka is heavily wounded.
You shoot a sling bullet. The sling bullet hits the quokka.
You kill the quokka!
No target in view!
You see here a rat corpse.
There is an open door here.
There is an open door here.
There is a staircase leading out of the dungeon here.
Are you sure you want to leave the Dungeon?
This will make you lose the game!
You have escaped!

#..# #.#.#.#
~P.~~P♣♣~~..~#..#
#.#.#.#
~♣P~~.♣P~~♣P~#..#
#.#.#.#
~♣.~~♣.♣~~♣P~####
#.#.#.#
~.P~~♣PP~~.♣~#
#...#.#
~P♣~~~~~~~♣P~#####
#####.#
~..~....)~.♣~#...#
#.#
~~~~.###.~~~~#...#
#.#
.....#§#.....'..@#
###.#
~~~~.###.~~~~#...#
#...#
~P♣~.....~..~#...#
#.#######
~♣♣~~~~~~~..~#####
#.......#
~♣P~~♣♣P~~.P~#
#######.#
~P.~~P♣^~~P♣~# #.#
~PP~~P♣P~~♣P~# #.#
~.♣~~PPP~~.P~# #.#
~P♣~~.P.~~♣.~# #.#


There were no monsters in sight!

Vanquished Creatures
  2 bats (D:1)
  A giant cockroach (D:1)
  A hobgoblin (D:1)
  3 quokkas (D:1)
  A ball python (D:1)
  A rat (D:1)
9 creatures vanquished.

Notes
Turn   | Place    | Note
-------+----------+-------------------------------------------
     0 | D:1      | Alarkh the Demonspawn Hexslinger began the quest for the
                  | Orb.
     0 | D:1      | Reached XP level 1. HP: 15/15 MP: 2/2
   401 | D:1      | Gained mutation: You may rarely emit foul miasma when
                  | damaged in melee. [demonic ancestry]
   401 | D:1      | Reached XP level 2. HP: 21/21 MP: 3/3
   460 | D:$      | Got out of the dungeon alive.

Illustrated notes

Levels and vault maps discovered:
D:1:      lightli_arrival_farm, layout_basic,
          shapermc_ecumenical_altar_mp_ritualfount

Skill      XL: |  1 |
---------------+----+-----
Ranged Weapons | 2 |  2.5
Fighting       | |  1.0
Dodging        | |  1.7
Spellcasting   | |  1.0
Hexes          | |  3.0

Action                     || total
---------------------------++-------
   Fire: Sling             ||    31
 Armour: Robe              ||     2
  Dodge: Dodged            ||    17
